| TOP OF THE 1ST |
|
Calgary Flames batting - Pitching for Kelowna Heat : RHP Sanya Mikushevich
|
|
Pitching: RHP Sanya Mikushevich
|
|
|
Batting: RHB Dave McBain
|
0-0: Foul Ball, location: 2F 0-1: Called Strike 0-2: Ball 1-2: Ball 2-2: Fly out, F8 (Flyball, 8RM, EV 85.6 MPH)
|
|
Batting: RHB Brian DeVoe
|
0-0: Called Strike 0-1: Called Strike 0-2: Ground out 5-3 (Groundball, 5, EV 78.1 MPH)
|
|
Batting: RHB Eric McMillian
|
0-0: Fly out, F8 (Flyball, 8RD, EV 106.2 MPH)
|
| Top of the 1st over - 0 runs, 0 hits, 0 errors, 0 left on base; Calgary 0 - Kelowna 0 |
| BOTTOM OF THE 1ST |
|
Kelowna Heat batting - Pitching for Calgary Flames : RHP Liam Tate
|
|
Pitching: RHP Liam Tate
|
|
|
Batting: RHB Miguel Gonzalez
|
0-0: Called Strike 0-1: Foul Ball, location: 2F 0-2: Strikes out looking
|
|
Batting: RHB Josh Truell
|
0-0: Ball 1-0: Ball 2-0: Ground out 6-3 (Groundball, 6D, EV 86.9 MPH)
|
|
Batting: LHB Chris West
|
0-0: Ball 1-0: SINGLE (Line Drive, 9S, EV 103.1 MPH)
|
|
Batting: RHB Billy Pranger
|
0-0: Swinging Strike 0-1: Ball 1-1: Foul Ball, location: 2F 1-2: Fly out, F7 (Flyball, 7LS, EV 88.8 MPH)
|
| Bottom of the 1st over - 0 runs, 1 hit, 0 errors, 1 left on base; Calgary 0 - Kelowna 0 |
| TOP OF THE 2ND |
|
Calgary Flames batting - Pitching for Kelowna Heat : RHP Sanya Mikushevich
|
|
Batting: RHB Adrian Cook
|
0-0: Ball 1-0: Swinging Strike 1-1: Foul Ball, location: 2F 1-2: Strikes out swinging
|
|
Batting: RHB Kalidas Mishra
|
0-0: Ball 1-0: Foul Ball, location: 2F 1-1: Fly out, F7 (Line Drive, 7, EV 90.6 MPH)
|
|
Batting: RHB Ricardo Ortiz
|
0-0: Called Strike 0-1: Ball 1-1: Swinging Strike 1-2: Foul Ball, location: 2F 1-2: Foul Ball, location: 2F 1-2: Strikes out swinging
|
| Top of the 2nd over - 0 runs, 0 hits, 0 errors, 0 left on base; Calgary 0 - Kelowna 0 |
| BOTTOM OF THE 2ND |
|
Kelowna Heat batting - Pitching for Calgary Flames : RHP Liam Tate
|
|
Batting: LHB Steve Nevis
|
0-0: Called Strike 0-1: Ball 1-1: Ball 2-1: Called Strike 2-2: Ball 3-2: Strikes out swinging
|
|
Batting: RHB Malik Sharpless
|
0-0: Called Strike 0-1: Called Strike 0-2: Ball 1-2: Foul Ball, location: 2F 1-2: Foul Ball, location: 2F 1-2: Ball 2-2: Ball 3-2: Fly out, F8 (Line Drive, 8LM, EV 103.8 MPH)
|
|
Batting: LHB Takaaki Nishimoto
|
0-0: Ball 1-0: Ball 2-0: Swinging Strike 2-1: Ball 3-1: Swinging Strike 3-2: Base on Balls
|
|
Batting: RHB Bob Schweiger
|
0-0: Called Strike 0-1: SINGLE (Line Drive, 56, EV 95.0 MPH) Takaaki Nishimoto to second
|
|
Batting: RHB Chance Robinson
|
0-0: Ball 1-0: Foul Ball, location: 2F 1-1: Foul Ball, location: 2F 1-2: Strikes out looking
|
| Bottom of the 2nd over - 0 runs, 1 hit, 0 errors, 2 left on base; Calgary 0 - Kelowna 0 |
| TOP OF THE 3RD |
|
Calgary Flames batting - Pitching for Kelowna Heat : RHP Sanya Mikushevich
|
|
Batting: RHB Ed Oake
|
0-0: Called Strike 0-1: Called Strike 0-2: Strikes out swinging
|
|
Batting: LHB James McCauley
|
0-0: Hit by Pitch
|
|
Batting: RHB Jon Groseclose
|
0-0: Called Strike 0-1: Ball 1-1: Fly out, F6 (Flyball, 56D, EV 83.8 MPH)
|
|
Batting: RHB Dave McBain
|
0-0: Ball James McCauley steals 2nd base 1-0: Ball 2-0: Ball 3-0: Called Strike 3-1: Base on Balls
|
|
Batting: RHB Brian DeVoe
|
0-0: Ball 1-0: Ball 2-0: Called Strike 2-1: Ball 3-1: Called Strike 3-2: Base on Balls James McCauley to third Dave McBain to second
|
|
Batting: RHB Eric McMillian
|
0-0: Ball 1-0: Ball 2-0: Foul Ball, location: 2F 2-1: GRAND SLAM HOME RUN (Flyball, 78XD, EV 107.5 MPH), Distance : 437 ft
|
|
Batting: RHB Adrian Cook
|
0-0: Ball 1-0: Ball 2-0: Ball 3-0: Called Strike 3-1: Foul Ball, location: 2F 3-2: Ground out 5-3 (Groundball, 25, EV 82.5 MPH)
|
| Top of the 3rd over - 4 runs, 1 hit, 0 errors, 0 left on base; Calgary 4 - Kelowna 0 |
| BOTTOM OF THE 3RD |
|
Kelowna Heat batting - Pitching for Calgary Flames : RHP Liam Tate
|
|
Batting: RHB Miguel Gonzalez
|
0-0: Called Strike 0-1: Ball 1-1: Fly out, F8 (Flyball, 8RM, EV 87.5 MPH)
|
|
Batting: RHB Josh Truell
|
0-0: Called Strike 0-1: Swinging Strike 0-2: Foul Ball, location: 2F 0-2: Ball 1-2: Foul Ball, location: 2F 1-2: Strikes out swinging
|
|
Batting: LHB Chris West
|
0-0: Ball 1-0: Ball 2-0: Foul Ball, location: 2F 2-1: SOLO HOME RUN (Flyball, 89XD, EV 111.9 MPH), Distance : 425 ft
|
|
Batting: RHB Billy Pranger
|
0-0: Called Strike 0-1: Foul Ball, location: 2F 0-2: Ball 1-2: Ground out 3-1 (Groundball, 13, EV 91.2 MPH)
|
| Bottom of the 3rd over - 1 run, 1 hit, 0 errors, 0 left on base; Calgary 4 - Kelowna 1 |
| TOP OF THE 4TH |
|
Calgary Flames batting - Pitching for Kelowna Heat : RHP Sanya Mikushevich
|
|
Batting: RHB Kalidas Mishra
|
0-0: Foul Ball, location: 2F 0-1: Ball 1-1: Foul Ball, location: 2F 1-2: Strikes out swinging
|
|
Batting: RHB Ricardo Ortiz
|
0-0: Reached on error, E6 (Groundball, 6, EV 100.0 MPH)
|
|
Batting: RHB Ed Oake
|
0-0: Ball 1-0: Swinging Strike 1-1: Foul Ball, location: 2F 1-2: Foul Ball, location: 2F 1-2: Strikes out looking
|
|
Batting: LHB James McCauley
|
0-0: Ball 1-0: Called Strike 1-1: Called Strike 1-2: Ball 2-2: Ground out U3 (Groundball, 3, EV 103.1 MPH)
|
| Top of the 4th over - 0 runs, 0 hits, 1 error, 1 left on base; Calgary 4 - Kelowna 1 |
| BOTTOM OF THE 4TH |
|
Kelowna Heat batting - Pitching for Calgary Flames : RHP Liam Tate
|
|
Batting: LHB Steve Nevis
|
0-0: Ball 1-0: Called Strike 1-1: Ball 2-1: Called Strike 2-2: Fly out, F4 (Flyball, 4D, EV 88.1 MPH)
|
|
Batting: RHB Malik Sharpless
|
0-0: Ball 1-0: Ball 2-0: Bunt for hit to 15 - play at first, batter OUT! 1-3
|
|
Batting: LHB Takaaki Nishimoto
|
0-0: Called Strike 0-1: Ground out 4-3 (Groundball, 4, EV 80.0 MPH)
|
| Bottom of the 4th over - 0 runs, 0 hits, 0 errors, 0 left on base; Calgary 4 - Kelowna 1 |
| TOP OF THE 5TH |
|
Calgary Flames batting - Pitching for Kelowna Heat : RHP Sanya Mikushevich
|
|
Batting: RHB Jon Groseclose
|
0-0: Ground out U3 (Groundball, 13, EV 86.9 MPH)
|
|
Batting: RHB Dave McBain
|
0-0: Ball 1-0: Called Strike 1-1: Called Strike 1-2: Ball 2-2: Ball 3-2: Reaches on Catchers interference
|
|
Batting: RHB Brian DeVoe
|
0-0: Ball 1-0: Called Strike 1-1: Ball 2-1: Foul Ball, location: 2F 2-2: Ball 3-2: Base on Balls Dave McBain to second
|
|
Batting: RHB Eric McMillian
|
0-0: Called Strike 0-1: Foul Ball, location: 2F 0-2: Ball 1-2: SINGLE (Line Drive, 34, EV 94.4 MPH) Dave McBain to third Brian DeVoe to second
|
|
Pitching: LHP Ricky Coats
|
|
|
Batting: RHB Adrian Cook
|
0-0: Ball 1-0: Fly out, F7 (Flyball, 7S, EV 84.4 MPH)
|
|
Batting: RHB Kalidas Mishra
|
0-0: Called Strike 0-1: Fly out, F7 (Flyball, 7D, EV 106.2 MPH)
|
| Top of the 5th over - 0 runs, 1 hit, 1 error, 3 left on base; Calgary 4 - Kelowna 1 |
| BOTTOM OF THE 5TH |
|
Kelowna Heat batting - Pitching for Calgary Flames : RHP Liam Tate
|
|
Batting: RHB Bob Schweiger
|
0-0: Called Strike 0-1: Foul Ball, location: 2F 0-2: Ground out 5-3 (Groundball, 5L, EV 83.1 MPH)
|
|
Batting: RHB Chance Robinson
|
0-0: Ball 1-0: Ball 2-0: Foul Ball, location: 2F 2-1: Foul Ball, location: 2F 2-2: Strikes out swinging
|
|
Batting: RHB Miguel Gonzalez
|
0-0: Ball 1-0: Foul Ball, location: 2F 1-1: Swinging Strike 1-2: Foul Ball, location: 2F 1-2: Strikes out swinging
|
| Bottom of the 5th over - 0 runs, 0 hits, 0 errors, 0 left on base; Calgary 4 - Kelowna 1 |
| TOP OF THE 6TH |
|
Calgary Flames batting - Pitching for Kelowna Heat : LHP Ricky Coats
|
|
Batting: RHB Ricardo Ortiz
|
0-0: Called Strike 0-1: Called Strike 0-2: Ball 1-2: Ball 2-2: Fly out, F9 (Flyball, 9, EV 90.6 MPH)
|
|
Batting: RHB Ed Oake
|
0-0: Ball 1-0: Ball 2-0: Called Strike 2-1: Ball 3-1: Base on Balls
|
|
Batting: LHB James McCauley
|
0-0: Called Strike 0-1: Ball 1-1: Called Strike 1-2: Strikes out swinging
|
|
Batting: RHB Jon Groseclose
|
0-0: Fly out, F4 (Popup, 4, EV 60.0 MPH)
|
| Top of the 6th over - 0 runs, 0 hits, 0 errors, 1 left on base; Calgary 4 - Kelowna 1 |
| BOTTOM OF THE 6TH |
|
Kelowna Heat batting - Pitching for Calgary Flames : RHP Liam Tate
|
|
Batting: RHB Josh Truell
|
0-0: Fly out, F8 (Flyball, 8RD, EV 100.0 MPH)
|
|
Batting: LHB Chris West
|
0-0: Ball 1-0: DOUBLE (Line Drive, 78D, EV 105.0 MPH)
|
|
Batting: RHB Billy Pranger
|
0-0: Called Strike 0-1: Ball 1-1: Ball 2-1: Foul Ball, location: 2F 2-2: Ball 3-2: Base on Balls
|
|
Batting: LHB Steve Nevis
|
0-0: Ball 1-0: Called Strike 1-1: Ball 2-1: Swinging Strike 2-2: Foul Ball, location: 2F 2-2: Ball 3-2: Foul Ball, location: 2F 3-2: Base on Balls Chris West to third Billy Pranger to second
|
|
Batting: RHB Malik Sharpless
|
0-0: Called Strike 0-1: Swinging Strike 0-2: Strikes out swinging
|
|
Batting: LHB Takaaki Nishimoto
|
0-0: Ball 1-0: Foul Ball, location: 2F 1-1: Ball 2-1: Foul Ball, location: 2F 2-2: Ball 3-2: Fly out, F7 (Flyball, 7LS, EV 86.9 MPH)
|
| Bottom of the 6th over - 0 runs, 1 hit, 0 errors, 3 left on base; Calgary 4 - Kelowna 1 |
| TOP OF THE 7TH |
|
Calgary Flames batting - Pitching for Kelowna Heat : LHP Ricky Coats
|
|
Pitching: RHP Dylan Mosley
|
|
|
Batting: RHB Dave McBain
|
0-0: Swinging Strike 0-1: Ball 1-1: Foul Ball, location: 2F 1-2: Strikes out looking
|
|
Batting: RHB Brian DeVoe
|
0-0: SOLO HOME RUN (Flyball, 7D, EV 98.1 MPH), Distance : 390 ft
|
|
Batting: RHB Eric McMillian
|
0-0: Called Strike 0-1: Foul Ball, location: 2F 0-2: Ball 1-2: Ball 2-2: Fly out, F8 (Flyball, 78D, EV 106.9 MPH)
|
|
Batting: RHB Adrian Cook
|
0-0: Called Strike 0-1: Foul Ball, location: 2F 0-2: Strikes out looking
|
| Top of the 7th over - 1 run, 1 hit, 0 errors, 0 left on base; Calgary 5 - Kelowna 1 |
| BOTTOM OF THE 7TH |
|
Kelowna Heat batting - Pitching for Calgary Flames : RHP Liam Tate
|
|
Batting: RHB Bob Schweiger
|
0-0: Called Strike 0-1: Swinging Strike 0-2: Strikes out swinging
|
|
Batting: RHB Chance Robinson
|
0-0: Called Strike 0-1: Called Strike 0-2: Ball 1-2: Ground out 5-3 (Groundball, 5, EV 86.2 MPH)
|
|
Batting: RHB Miguel Gonzalez
|
0-0: Ball 1-0: Ball 2-0: Called Strike 2-1: Called Strike 2-2: Foul Ball, location: 2F 2-2: Ball 3-2: Base on Balls
|
|
Pitching: LHP Ismael Diaz
|
|
|
Batting: RHB Josh Truell
|
0-0: Called Strike 0-1: Ball 1-1: Called Strike 1-2: Strikes out swinging
|
| Bottom of the 7th over - 0 runs, 0 hits, 0 errors, 1 left on base; Calgary 5 - Kelowna 1 |
| TOP OF THE 8TH |
|
Calgary Flames batting - Pitching for Kelowna Heat : RHP Dylan Mosley
|
|
Batting: RHB Kalidas Mishra
|
0-0: Fly out, F9 (Flyball, 89S, EV 87.5 MPH)
|
|
Batting: RHB Ricardo Ortiz
|
0-0: Ball 1-0: Ball 2-0: Foul Ball, location: 2F 2-1: Ball 3-1: Base on Balls
|
|
Batting: RHB Ed Oake
|
0-0: Called Strike 0-1: Foul Ball, location: 2F 0-2: Ball 1-2: Foul Ball, location: 2F 1-2: Ball 2-2: Foul Ball, location: 2F 2-2: Ball 3-2: Foul Ball, location: 2F 3-2: Fly out, F8 (Flyball, 8LS, EV 92.5 MPH)
|
|
Batting: LHB James McCauley
|
0-0: Swinging Strike 0-1: Ball 1-1: Foul Ball, location: 2F 1-2: Strikes out looking
|
| Top of the 8th over - 0 runs, 0 hits, 0 errors, 1 left on base; Calgary 5 - Kelowna 1 |
| BOTTOM OF THE 8TH |
|
Kelowna Heat batting - Pitching for Calgary Flames : LHP Ismael Diaz
|
|
Batting: LHB Chris West
|
0-0: Ball 1-0: Ball 2-0: Called Strike 2-1: Called Strike 2-2: Strikes out looking
|
|
Batting: RHB Billy Pranger
|
0-0: Called Strike 0-1: Foul Ball, location: 2F 0-2: Ball 1-2: Hit by Pitch
|
|
Batting: LHB Steve Nevis
|
0-0: Ball Wild Pitch! Billy Pranger to second 1-0: Ball 2-0: Ball 3-0: Called Strike 3-1: Fly out, F7 (Flyball, 7, EV 85.0 MPH)
|
|
Batting: RHB Malik Sharpless
|
0-0: Foul Ball, location: 2F 0-1: Ball 1-1: Ball 2-1: Swinging Strike 2-2: Strikes out swinging
|
| Bottom of the 8th over - 0 runs, 0 hits, 0 errors, 1 left on base; Calgary 5 - Kelowna 1 |
| TOP OF THE 9TH |
|
Calgary Flames batting - Pitching for Kelowna Heat : RHP Dylan Mosley
|
|
Pitching: RHP Jonathan Simi
|
|
|
Batting: LHB Tony Contreras
|
0-0: Ball 1-0: Called Strike 1-1: Ground out 3-1 (Groundball, 34S, EV 91.9 MPH)
|
|
Batting: RHB Dave McBain
|
0-0: Ball 1-0: SINGLE (Line Drive, 89M, EV 103.8 MPH)
|
|
Batting: RHB Brian DeVoe
|
0-0: Ball Dave McBain steals 2nd base 1-0: Called Strike 1-1: Swinging Strike 1-2: Foul Ball, location: 2F 1-2: Strikes out swinging
|
|
Batting: RHB Eric McMillian
|
0-0: DOUBLE (Line Drive, 3D, EV 100.0 MPH) Dave McBain scores
|
|
Batting: RHB Adrian Cook
|
0-0: Ball 1-0: Ball 2-0: Called Strike 2-1: Fly out, F2 (Popup, 25F, EV 78.1 MPH)
|
| Top of the 9th over - 1 run, 2 hits, 0 errors, 1 left on base; Calgary 6 - Kelowna 1 |
| BOTTOM OF THE 9TH |
|
Kelowna Heat batting - Pitching for Calgary Flames : LHP Ismael Diaz
|
|
Batting: LHB Takaaki Nishimoto
|
0-0: Foul Ball, location: 2F 0-1: Foul Ball, location: 2F 0-2: Ball 1-2: Ball 2-2: Fly out, F8 (Flyball, 8LM, EV 83.8 MPH)
|
|
Batting: RHB Bob Schweiger
|
0-0: Ball 1-0: Swinging Strike 1-1: Foul Ball, location: 2F 1-2: SINGLE (Line Drive, 4MD, EV 95.6 MPH)
|
|
Batting: RHB Chance Robinson
|
0-0: Ball 1-0: Called Strike 1-1: Ball 2-1: Ball 3-1: Foul Ball, location: 2F 3-2: Foul Ball, location: 2F 3-2: SINGLE (Groundball, 56D, EV 96.9 MPH) Bob Schweiger to second
|
|
Pitching: RHP Mason Broderick
|
|
|
Batting: RHB Miguel Gonzalez
|
0-0: Foul Ball, location: 2F 0-1: Ball 1-1: Fielders Choice at 2nd, 4-6 (Groundball, 4, EV 89.4 MPH) Bob Schweiger to third
|
|
Batting: RHB Josh Truell
|
0-0: Called Strike 0-1: Called Strike 0-2: Strikes out swinging
|
| Bottom of the 9th over - 0 runs, 2 hits, 0 errors, 2 left on base; Calgary 6 - Kelowna 1 |
|